 Dungeon Crawl Stone Soup version 0.28.0-1-gb440e238dd (webtiles) character file.

Game seed: 457734397506129498

65 spaghetti the Ruffian (level 4, -6/31 HPs)
             Began as an Octopode Berserker on Feb 20, 2022.
             Was a Believer of Trog.
             Mangled by Sigmund (13 damage)
             ... on level 2 of the Dungeon.
             The game lasted 00:01:14 (1666 turns).

spaghetti the Ruffian (Octopode Berserker)          Turns: 1666, Time: 00:01:14

Health: -6/31      AC:  1    Str: 18    XL:     4   Next: 13%
Magic:  4/4        EV: 13    Int:  9    God:    Trog [**....]
Gold:   83         SH:  0    Dex: 11    Spells: 3/3 levels left

rFire   . . .      SeeInvis .     - Unarmed
rCold   . . .      Faith    .   (no shield)
rNeg    . . .      Spirit   .   (helmet restricted)
rPois   .          Reflect  .   (no amulet)
rElec   .          Harm     .   (no ring)
rCorr   .          Rampage  .   (no ring)
Will    ++...                   (no ring)
Stlth   ++........              (no ring)
HPRegen 1.10/turn               (no ring)
MPRegen 0.09/turn               (no ring)
                                (no ring)
                                (no ring)

@: strong-willed (expiring), on berserk cooldown, regenerating (expiring),
slowed, very slow
A: almost no armour, amphibious, 8 rings, camouflage 1, gelatinous body 1,
(nimble swimmer 1), tentacles
a: Renounce Religion, Berserk, Trog's Hand


You were on level 2 of the Dungeon.
You worshipped Trog.
Trog was pleased with you.
You visited 1 branch of the dungeon, and saw 2 of its levels.

You collected 83 gold pieces.

Inventory:

Missiles
 d - 4 poisoned darts (quivered)
Scrolls
 a - a scroll of magic mapping {unknown}
 c - a scroll of holy word {unknown}
 e - a scroll of vulnerability {unknown}


   Skills:
 - Level 3.0 Fighting
 - Level 3.0 Dodging
 + Level 4.9 Unarmed Combat


You had 3 spell levels left.
You didn't know any spells.
Your spell library was empty.

Dungeon Overview and Level Annotations

Branches:
Dungeon (2/15)

Altars:

Annotations:
D:2 Sigmund


Innate Abilities, Weirdness & Mutations

You cannot wear most types of armour.
You are amphibious.
You can wear up to eight rings at the same time.
Your skin changes colour to match your surroundings (Stealth+).
Your rubbery body absorbs attacks. (AC +1, EV +1)
((You are camouflaged when in or above water. (Stealth+)))
You have tentacles for arms and can constrict up to eight enemies at once.


Message History

You barely miss something. Your squeeze misses something. You miss something.
You tentacle-slap something. Your squeeze misses something. Something hits you.
You bludgeon something! You bludgeon something! Your squeeze misses something.
You hear some strange, mumbled words.
You are confused.
You barely miss something. You barely miss something.
Your tentacle-slap misses something.
Something hits you!
You feel a strong urge to attack something.
Something barely misses you.
You're too confused to move!
You are no longer berserk.
You are exhausted.
You feel yourself slow down. Something barely misses you.
You feel less confused. Something hits you!
* * * LOW HITPOINT WARNING * * *
It was a potion of curing.
You feel better. Something barely misses you.
Okay, then.
Your skin crawls.
You feel strong-willed. Something hits you!
* * * LOW HITPOINT WARNING * * *
You completely miss something.
You feel better.
You feel the effects of Trog's Hand fading.
You hear some strange, mumbled words.
A puff of flame appears from out of thin air!
The puff of flame hits you! Something barely misses you.
You closely miss something.
You hear some strange, mumbled words.
A magic dart appears from out of thin air!
The magic dart hits you!
* * * LOW HITPOINT WARNING * * *
Okay, then.
You closely miss something. Something hits you!
You die...

#...# . ###.#
.# #.# ... #.#
..#
#####'####...#
#.........#
#.........#
#.....{...#
#####@..###
###.# #.# #.#
#.. ###


There were no monsters in sight!

Vanquished Creatures
  Terence (D:2)
  A dart slug (D:2)
  5 ball pythons (D:1)
  3 endoplasms
  3 giant cockroaches (D:1)
  4 goblins (D:1)
  6 hobgoblins
  2 kobolds (D:1)
  2 quokkas
  3 bats (D:1)
  3 rats
33 creatures vanquished.

Notes
Turn   | Place    | Note
-------+----------+-------------------------------------------
     0 | D:1      | spaghetti the Octopode Berserker began the quest for the
                  | Orb.
     0 | D:1      | Reached XP level 1. HP: 16/16 MP: 1/1
   124 | D:1      | Reached XP level 2. HP: 21/21 MP: 2/2
   619 | D:1      | Reached skill level 4 in Unarmed Combat
   814 | D:1      | Reached XP level 3. HP: 26/26 MP: 3/3
  1329 | D:2      | Noticed Terence
  1338 | D:2      | Killed Terence
  1339 | D:2      | Reached XP level 4. HP: 23/31 MP: 4/4
  1432 | D:2      | Found a faded altar of an unknown god.
  1530 | D:2      | Reached ** piety under Trog
  1640 | D:2      | Noticed Sigmund
  1666 | D:2      | Mangled by Sigmund

Illustrated notes

Levels and vault maps discovered:
D:1:      dpeg_arrival_morbid_curiosity, layout_basic
D:2:      layout_basic, hellmonk_ecumenical_altar_inner_sanctum, uniq_sigmund,
          uniq_terence

Skill      XL: |  1  2 |
---------------+-------+-----
Unarmed Combat | 4 |  4.9
Fighting       | |  3.0
Dodging        | |  3.0

Action                   |  1- 3 |  4- 6 || total
-------------------------+-------+-------++-------
Melee: Unarmed           |    52 |    21 ||    73
       Tentacles         |    13 |     1 ||    14
       Constrict         |    15 |     2 ||    17
       Punch             |     1 |     1 ||     2
Invok: Berserk           |       |     1 ||     1
       Trog's Hand       |       |     1 ||     1
  Use: Potion            |       |     2 ||     2
 Stab: Sleeping          |    11 |       ||    11
Armor: Skin              |     5 |       ||     5
Dodge: Dodged            |    22 |     7 ||    29
